[Event "4NCL Div 1 2018-19"]
[Site "Telford"]
[Date "2019.02.09"]
[Round "5.3"]
[White "Lupulescu, Constantin"]
[Black "Fodor, Tamas Jr."]
[Result "1/2-1/2"]
[ECO "E11"]
[WhiteElo "2601"]
[BlackElo "2520"]
[Annotator "ChessBase"]
[PlyCount "138"]
[EventDate "2018.11.10"]
[EventType "team-tourn"]
[EventCountry "GBR"]
[SourceTitle "playchess.com"]
[Source "ChessBase"]
[SourceQuality "1"]
[TimeControl "40/6000+30:3000+30"]

1. d4 Nf6 2. c4 e6 3. Nf3 Bb4+ 4. Bd2 Qe7 5. g3 Bxd2+ 6. Qxd2 Nc6 7. b3 d5 8. Bg2 O-O 9. O-O dxc4 10. bxc4 e5 11. d5 Nb8 12. Qe3 Re8 13. Qa3 Bg4 14. Qxe7 Rxe7 15. Nc3 Bxf3 16. Bxf3 Na6 17. Rfd1 Nc5 18. d6 cxd6 19. Rxd6 Rd7 20. Rxd7 Nfxd7 21. Rb1 Rb8 22. Bd5 Kf8 23. f4 Ke7 24. Kf2 exf4 25. gxf4 f5 26. Nb5 Nf6 27. Bf3 Nfe4+ 28. Ke3 Nd6 29. Nxd6 Kxd6 30. Rd1+ Ke6 31. Rd5 b6 32. Kd4 Rf8 33. Kc3 Rf6 34. h4 Rh6 35. h5 g6 36. hxg6 hxg6 37. Rd8 Rh4 38. Bd5+ Ke7 39. Rg8 Rxf4 40. Rxg6 Rg4 41. Rh6 Rg3+ 42. Bf3 Ne6 43. Rh7+ Rg7 44. Rh6 Rg3 45. Kd2 f4 46. Rh7+ Rg7 47. Rxg7+ Nxg7 48. Kd3 Nf5 49. Ke4 Ne3 50. Kxf4 Nxc4 51. Bd5 Na3 52. e4 a5 53. e5 b5 54. Ke4 b4 55. Bb3 Nb5 56. Kd3 Nc7 57. Kd4 Nb5+ 58. Kd3 Nc7 59. Kc4 Ke6 60. Kd4+ Kf5 61. Ba4 Ke6 62. Bb3+ Kf5 63. Ba4 Ke6 64. Bc6 Ke7 65. Kc5 Ke6 66. Kb6 Nd5+ 67. Bxd5+ Kxd5 68. Kxa5 Kxe5 69. Kxb4 Kd6 1/2-1/2

[Event "4NCL Div 1 2018-19"]
[Site "Telford"]
[Date "2019.02.09"]
[Round "5.5"]
[White "Pert, Nicholas"]
[Black "Blackburn, Jonathan L B"]
[Result "1-0"]
[ECO "A49"]
[WhiteElo "2542"]
[BlackElo "2212"]
[Annotator "ChessBase"]
[PlyCount "155"]
[EventDate "2018.11.10"]
[EventType "team-tourn"]
[EventCountry "GBR"]
[SourceTitle "playchess.com"]
[Source "ChessBase"]
[SourceQuality "1"]
[TimeControl "40/6000+30:3000+30"]

1. d4 Nf6 2. Nf3 g6 3. g3 Bg7 4. Bg2 O-O 5. O-O d6 6. Nc3 Nbd7 7. a4 a5 8. Bf4 Nh5 9. Be3 Nhf6 10. h3 c6 11. Qc1 Re8 12. Bh6 e5 13. e4 Qe7 14. Re1 Qf8 15. Bxg7 Kxg7 16. Qe3 Qe7 17. Rad1 Rf8 18. Nd2 exd4 19. Qxd4 c5 20. Qd3 Ne5 21. Qf1 Nc6 22. Nd5 Qd8 23. Nc4 Nxd5 24. Rxd5 Be6 25. Rxd6 Bxc4 26. Rxd8 Bxf1 27. Rxa8 Rxa8 28. Kxf1 Rd8 29. e5 Rd2 30. Bxc6 bxc6 31. Re2 Rd1+ 32. Kg2 Rd4 33. b3 Kf8 34. e6 f5 35. e7+ Ke8 36. Re6 c4 37. Rxc6 cxb3 38. cxb3 Rb4 39. Rc5 Rxb3 40. Rxa5 Kxe7 41. Ra7+ Kf6 42. Rxh7 Ra3 43. Rh4 g5 44. Rb4 Kg6 45. h4 f4 46. Rb6+ Kh5 47. Rb5 fxg3 48. fxg3 Rxa4 49. Rxg5+ Kh6 50. Re5 Kg6 51. Kf3 Ra3+ 52. Kf4 Ra4+ 53. Re4 Ra1 54. Re5 Ra4+ 55. Re4 Ra1 56. Re6+ Kf7 57. Re3 Kf6 58. g4 Rf1+ 59. Rf3 Re1 60. h5 Ra1 61. Kg3+ Kg5 62. Rf5+ Kh6 63. Rf6+ Kg7 64. Rg6+ Kh7 65. Rf6 Kg7 66. Rg6+ Kh7 67. Rf6 Ra5 68. Kh4 Kg7 69. Rf5 Ra1 70. Kg5 Ra7 71. h6+ Kh7 72. Kh5 Ra6 73. g5 Ra8 74. g6+ Kg8 75. h7+ Kg7 76. Rf7+ Kh8 77. Kh6 Ra6 78. Rf8# 1-0

[Event "4NCL Div 1 2018-19"]
[Site "Telford"]
[Date "2019.02.09"]
[Round "5.5"]
[White "Cyborowski, Lukasz"]
[Black "Kirk, Ezra"]
[Result "1-0"]
[ECO "C00"]
[WhiteElo "2520"]
[BlackElo "2439"]
[Annotator "ChessBase"]
[PlyCount "63"]
[EventDate "2018.11.10"]
[EventType "team-tourn"]
[EventCountry "GBR"]
[SourceTitle "playchess.com"]
[Source "ChessBase"]
[SourceQuality "1"]
[TimeControl "40/6000+30:3000+30"]

1. e4 e6 2. d3 d5 3. Qe2 Nf6 4. Nf3 c5 5. g3 g6 6. Bg2 Bg7 7. O-O O-O 8. e5 Nfd7 9. c4 Nc6 10. Bf4 f6 11. exf6 Nxf6 12. Nc3 a6 13. Rfe1 b6 14. Rad1 Ra7 15. d4 Nxd4 16. Nxd4 cxd4 17. Rxd4 Ne4 18. Rd3 Nc5 19. Rdd1 d4 20. b4 Rd7 21. bxc5 dxc3 22. Qxe6+ Kh8 23. Rxd7 Bxd7 24. Qxb6 Bf5 25. Qxd8 Rxd8 26. c6 c2 27. c7 Rd1 28. Rf1 Bc3 29. Bf3 Be1 30. Be4 Bh3 31. c8=Q+ Bxc8 32. Bxc2 1-0

[Event "4NCL Div 1 2018-19"]
[Site "Telford"]
[Date "2019.02.09"]
[Round "5.6"]
[White "Eggleston, David J"]
[Black "Galyas, Miklos"]
[Result "1-0"]
[ECO "B01"]
[WhiteElo "2408"]
[BlackElo "2495"]
[Annotator "ChessBase"]
[PlyCount "113"]
[EventDate "2018.11.10"]
[EventType "team-tourn"]
[EventCountry "GBR"]
[SourceTitle "playchess.com"]
[Source "ChessBase"]
[SourceQuality "1"]
[TimeControl "40/6000+30:3000+30"]

1. e4 d5 2. exd5 Qxd5 3. Nf3 Bg4 4. Be2 Nc6 5. d4 O-O-O 6. Be3 e5 7. c4 Qa5+ 8. Bd2 Bb4 9. d5 Bxf3 10. Bxf3 Bxd2+ 11. Nxd2 Nd4 12. O-O Qb4 13. Qc1 f5 14. Qc3 Qxc3 15. bxc3 Nxf3+ 16. Nxf3 e4 17. Nd4 g6 18. Rab1 Nf6 19. Rb3 Rd6 20. Ra3 a6 21. Rb1 Nd7 22. Ne6 Re8 23. Rab3 Rdxe6 24. dxe6 Nc5 25. R3b2 Rxe6 26. Rd2 Nd3 27. f3 Rc6 28. fxe4 fxe4 29. Re2 Rxc4 30. Rf1 b5 31. Rf7 h5 32. h3 Kb7 33. Rf6 g5 34. Rf5 h4 35. Rxg5 Rxc3 36. Rg4 b4 37. Rgxe4 a5 38. Rxh4 a4 39. Rd4 b3 40. Rxa4 b2 41. Rxb2+ Nxb2 42. Rb4+ Kc6 43. Rxb2 Kd5 44. h4 Ke5 45. Kh2 c5 46. g3 c4 47. Re2+ Kd4 48. h5 Ra3 49. g4 c3 50. h6 Kd3 51. Rg2 Ra7 52. g5 Re7 53. Kg3 Re3+ 54. Kf4 Re2 55. Rg3+ Kd4 56. Rxc3 Kxc3 57. h7 1-0

[Event "4NCL Div 1 2018-19"]
[Site "Telford"]
[Date "2019.02.09"]
[Round "5.6"]
[White "Jones, Steven A"]
[Black "Le Roux, Jean-Pierre"]
[Result "0-1"]
[ECO "B08"]
[WhiteElo "2150"]
[BlackElo "2534"]
[Annotator "ChessBase"]
[PlyCount "76"]
[EventDate "2018.11.10"]
[EventType "team-tourn"]
[EventCountry "GBR"]
[SourceTitle "playchess.com"]
[Source "ChessBase"]
[SourceQuality "1"]
[TimeControl "40/6000+30:3000+30"]

1. e4 g6 2. d4 Bg7 3. Nc3 c6 4. Nf3 d6 5. a4 Nf6 6. Be2 O-O 7. O-O Nbd7 8. e5 Ne8 9. Bf4 dxe5 10. dxe5 Nc7 11. Qc1 Ne6 12. Bh6 Nxe5 13. Nxe5 Bxe5 14. Bxf8 Qxf8 15. f4 Bc7 16. a5 Nd4 17. Bd3 Be6 18. Kh1 Rd8 19. Qe3 a6 20. Ne4 Nf5 21. Qf2 Bc8 22. Rfd1 Qg7 23. Nc3 Rf8 24. Re1 e5 25. fxe5 Bxe5 26. Ra4 Nd6 27. Qc5 Re8 28. Qxd6 Qh6 29. g3 Bxd6 30. Rxe8+ Kg7 31. Rxc8 Bxg3 32. h4 Qd2 33. Ne2 Qe1+ 34. Kg2 Qf2+ 35. Kh3 Qh2+ 36. Kg4 h5+ 37. Kf3 Qf2+ 38. Ke4 f5# 0-1

[Event "4NCL Div 1 2018-19"]
[Site "Telford"]
[Date "2019.02.09"]
[Round "5.7"]
[White "Hebden, Mark L"]
[Black "Redmond, John P."]
[Result "1-0"]
[ECO "A46"]
[WhiteElo "2425"]
[BlackElo "2175"]
[Annotator "NA"]
[PlyCount "79"]
[EventDate "2018.11.10"]
[EventType "team-tourn"]
[EventCountry "GBR"]
[SourceTitle "playchess.com"]
[Source "ChessBase"]
[SourceQuality "1"]
[TimeControl "40/6000+30:3000+30"]

1. d4 e6 2. Nf3 Nf6 3. Bg5 h6 4. Bh4 d6 5. Nbd2 g5 6. Bg3 Nh5 7. e4 Bg7 8. c3 Nd7 9. Bd3 b6 10. Qe2 a6 11. O-O-O Qe7 12. Ne1 Nxg3 13. hxg3 Bb7 14. f4 c5 15. e5 b5 16. Ne4 Bxe4 17. Qxe4 d5 18. Qf3 c4 19. Bc2 Nb6 20. f5 exf5 21. Qxf5 Qe6 22. g4 Nc8 23. Qf3 Ne7 24. Bf5 Qb6 25. Nc2 a5 26. Ne3 Rb8 27. Bc2 Rb7 28. Rdf1 Qe6 29. Nf5 Nxf5 30. gxf5 Qc6 31. f6 Bf8 32. e6 Bd6 33. exf7+ Kf8 34. g3 b4 35. Bg6 bxc3 36. Re1 cxb2+ 37. Kb1 Rxf7 38. Bxf7 Kxf7 39. Qh5+ Kf8 40. Qg6 1-0

[Event "4NCL Div 1 2018-19"]
[Site "Telford"]
[Date "2019.02.09"]
[Round "5.7"]
[White "Bulmaga, Irina"]
[Black "Arkell, Keith C"]
[Result "1/2-1/2"]
[ECO "B12"]
[WhiteElo "2386"]
[BlackElo "2443"]
[Annotator "NA"]
[PlyCount "36"]
[EventDate "2018.11.10"]
[EventType "team-tourn"]
[EventCountry "GBR"]
[SourceTitle "playchess.com"]
[Source "ChessBase"]
[SourceQuality "1"]
[TimeControl "40/6000+30:3000+30"]

1. e4 c6 2. d4 d5 3. e5 c5 4. dxc5 e6 5. a3 a5 6. Nc3 Nd7 7. Nf3 Bxc5 8. Bd3 Ne7 9. O-O Ng6 10. Bg5 Be7 11. Bxe7 Qxe7 12. Re1 O-O 13. Qd2 Nc5 14. Rad1 Bd7 15. Nd4 Nxd3 16. Qxd3 Qg5 17. Nf3 Qe7 18. Nd4 Qg5 1/2-1/2

[Event "4NCL Div 1 2018-19"]
[Site "Telford"]
[Date "2019.02.09"]
[Round "5.8"]
[White "Kett, Tim"]
[Black "Milliet, Sophie"]
[Result "0-1"]
[ECO "B20"]
[WhiteElo "2206"]
[BlackElo "2386"]
[Annotator "NA"]
[PlyCount "68"]
[EventDate "2018.11.10"]
[EventType "team-tourn"]
[EventCountry "GBR"]
[SourceTitle "playchess.com"]
[Source "ChessBase"]
[SourceQuality "1"]
[TimeControl "40/6000+30:3000+30"]

1. e4 c5 2. b3 g6 3. Bb2 Nf6 4. e5 Nd5 5. Bc4 Nb6 6. e6 f6 7. exd7+ Bxd7 8. Bd3 e5 9. f4 exf4 10. Qf3 Bd6 11. Ne2 Bc6 12. Qh3 O-O 13. O-O f3 14. gxf3 Qd7 15. Qh4 Be5 16. Bxe5 fxe5 17. Nbc3 Qg7 18. Be4 Qd7 19. f4 Qxd2 20. fxe5 Qe3+ 21. Kg2 N8d7 22. e6 Ne5 23. e7 Rfe8 24. Rf4 Bxe4+ 25. Nxe4 Qxe2+ 26. Kh1 Nd5 27. Nf6+ Nxf6 28. Qxf6 Ng4 29. Qf7+ Kh8 30. Rxg4 Qxg4 31. Re1 Qf5 32. Qc4 Qf3+ 33. Kg1 Qf6 34. Qxc5 Qb6 0-1

[Event "4NCL Div 1 2018-19"]
[Site "Telford"]
[Date "2019.02.09"]
[Round "5.8"]
[White "Steil-Antoni, Fiona"]
[Black "Kolbus, Dietmar"]
[Result "0-1"]
[ECO "B23"]
[WhiteElo "2166"]
[BlackElo "2305"]
[Annotator "NA"]
[PlyCount "62"]
[EventDate "2018.11.10"]
[EventType "team-tourn"]
[EventCountry "GBR"]
[SourceTitle "playchess.com"]
[Source "ChessBase"]
[SourceQuality "1"]
[TimeControl "40/6000+30:3000+30"]

1. e4 c5 2. Nc3 Nc6 3. f4 g6 4. Nf3 Bg7 5. Bb5 Nd4 6. O-O Nxb5 7. Nxb5 Nf6 8. d3 O-O 9. Qe1 d5 10. Nc3 d4 11. Ne2 Bg4 12. Qh4 e6 13. f5 exf5 14. Bg5 h6 15. Bxh6 Nxe4 16. Bg5 Qd7 17. dxe4 fxe4 18. Nfxd4 cxd4 19. Ng3 f5 20. h3 Bh5 21. Nxh5 gxh5 22. Qxh5 Qe8 23. Qh4 Qg6 24. Rf4 Be5 25. Raf1 Rf7 26. g4 Bxf4 27. Bxf4 fxg4 28. hxg4 Raf8 29. g5 Rh7 30. Qg3 e3 31. Rd1 Qe4 0-1

[Event "4NCL Div 1 2018-19"]
[Site "Telford"]
[Date "2019.02.09"]
[Round "5.9"]
[White "Ris, Robert"]
[Black "Roberson, Peter T"]
[Result "1/2-1/2"]
[ECO "E05"]
[WhiteElo "2450"]
[BlackElo "2403"]
[Annotator "ChessBase"]
[PlyCount "45"]
[EventDate "2018.11.10"]
[EventType "team-tourn"]
[EventCountry "GBR"]
[SourceTitle "playchess.com"]
[Source "ChessBase"]
[SourceQuality "1"]
[TimeControl "40/6000+30:3000+30"]

1. Nf3 Nf6 2. g3 d5 3. Bg2 e6 4. c4 Be7 5. d4 O-O 6. O-O dxc4 7. Qc2 a6 8. a4 Bd7 9. Qxc4 Bc6 10. Bf4 Bd6 11. Bg5 Nbd7 12. Qc2 h6 13. Bxf6 Nxf6 14. Nbd2 Bxf3 15. Bxf3 c6 16. Nc4 a5 17. Rfd1 Qe7 18. Qb3 Bb4 19. Ne5 Bd6 20. Nd3 Nd5 21. e3 Nb4 22. Kg2 Rfd8 23. Nxb4 1/2-1/2

[Event "4NCL Div 1 2018-19"]
[Site "Telford"]
[Date "2019.02.09"]
[Round "5.10"]
[White "Wells, Peter K"]
[Black "Claridge-Hansen, William"]
[Result "1/2-1/2"]
[ECO "E16"]
[WhiteElo "2415"]
[BlackElo "2284"]
[Annotator "NA"]
[PlyCount "36"]
[EventDate "2018.11.10"]
[EventType "team-tourn"]
[EventCountry "GBR"]
[SourceTitle "playchess.com"]
[Source "ChessBase"]
[SourceQuality "1"]
[TimeControl "40/6000+30:3000+30"]

1. d4 Nf6 2. c4 e6 3. Nf3 b6 4. g3 Bb7 5. Bg2 Bb4+ 6. Bd2 c5 7. Bxb4 cxb4 8. a3 Qe7 9. O-O O-O 10. Qd3 Rc8 11. Nbd2 bxa3 12. Qxa3 Qxa3 13. Rxa3 d6 14. Rfa1 a5 15. b4 Nc6 16. bxa5 Rxa5 17. Nb3 Rxa3 18. Rxa3 Ra8 1/2-1/2

[Event "4NCL Div 1 2018-19"]
[Site "Telford"]
[Date "2019.02.09"]
[Round "5.10"]
[White "Rendle, Thomas E"]
[Black "Zhou, Yang-Fan"]
[Result "1/2-1/2"]
[ECO "B23"]
[WhiteElo "2373"]
[BlackElo "2436"]
[Annotator "NA"]
[PlyCount "65"]
[EventDate "2018.11.10"]
[EventType "team-tourn"]
[EventCountry "GBR"]
[SourceTitle "playchess.com"]
[Source "ChessBase"]
[SourceQuality "1"]
[TimeControl "40/6000+30:3000+30"]

1. e4 c5 2. Nc3 Nc6 3. Bb5 Nd4 4. Nf3 Nxb5 5. Nxb5 d6 6. Nc3 Nf6 7. d4 cxd4 8. Qxd4 e5 9. Qa4+ Bd7 10. Qb3 h6 11. Qxb7 Be7 $14 12. O-O O-O 13. Rd1 a5 14. Nh4 Rb8 15. Qa6 Qc7 16. Qd3 Rb4 17. Nf5 Bxf5 18. exf5 d5 19. Nxd5 Nxd5 20. Qxd5 Qxc2 21. Qd3 Rc8 22. b3 Rd4 23. Qxc2 Rxc2 24. Rf1 Bg5 25. g3 Bd2 26. a3 Kf8 27. Rb1 Ke7 28. b4 a4 29. Bxd2 Rdxd2 30. b5 Rb2 31. Rxb2 Rxb2 32. Rc1 Kf6 33. Rc4 1/2-1/2

[Event "4NCL Div 1 2018-19"]
[Site "Telford"]
[Date "2019.02.09"]
[Round "5.11"]
[White "Suarez Real, Alberto"]
[Black "Daskalov, Dimitar"]
[Result "1-0"]
[ECO "C42"]
[WhiteElo "2438"]
[BlackElo "2330"]
[Annotator "NA"]
[PlyCount "91"]
[EventDate "2018.11.10"]
[EventType "team-tourn"]
[EventCountry "GBR"]
[SourceTitle "playchess.com"]
[Source "ChessBase"]
[SourceQuality "1"]
[TimeControl "40/6000+30:3000+30"]

1. e4 e5 2. Nf3 Nf6 3. Nxe5 d6 4. Nf3 Nxe4 5. d4 d5 6. Bd3 Nc6 7. O-O Be7 8. c4 Nb4 9. Be2 O-O 10. Nc3 Be6 11. Be3 Bf6 12. Qa4 Nxc3 13. bxc3 Nc6 14. c5 a6 15. Rab1 Qd7 16. Qc2 Bf5 17. Bd3 Bxd3 18. Qxd3 Na5 19. Bg5 Bxg5 20. Nxg5 g6 21. Nf3 f6 22. Nd2 Rad8 23. Qg3 Rfe8 24. Rfe1 b5 25. h4 Nc4 26. Nxc4 dxc4 27. Qf3 Kf7 28. Qb7 Qc8 29. Qc6 Rxe1+ 30. Rxe1 b4 31. Qa4 bxc3 32. Qxc4+ Kf8 33. Re6 Qd7 34. Rxf6+ Kg7 35. Rf4 Qd5 36. Qxc3 Qxa2 37. Qe3 Rd7 38. Qe5+ Kh6 39. Qg5+ Kg7 40. Qe5+ Kh6 41. Qg5+ Kg7 42. Qf6+ Kh6 43. Qf8+ Rg7 44. g4 Qg8 45. Qf6 Rd7 46. Rf5 1-0

[Event "4NCL Div 1 2018-19"]
[Site "Telford"]
[Date "2019.02.09"]
[Round "5.12"]
[White "Palliser, Richard J D"]
[Black "Manley, Jon P"]
[Result "1/2-1/2"]
[ECO "D27"]
[WhiteElo "2414"]
[BlackElo "2149"]
[Annotator "NA"]
[PlyCount "60"]
[EventDate "2018.11.10"]
[EventType "team-tourn"]
[EventCountry "GBR"]
[SourceTitle "playchess.com"]
[Source "ChessBase"]
[SourceQuality "1"]
[TimeControl "40/6000+30:3000+30"]

1. d4 d5 2. c4 dxc4 3. e3 e6 4. Bxc4 a6 5. Nf3 Nf6 6. O-O c5 7. Bd3 Nc6 8. Nc3 Qc7 9. Bd2 Bd6 10. Rc1 cxd4 11. exd4 O-O 12. Bg5 Bf4 13. Bxf6 gxf6 14. Ne4 Qe7 15. Rc4 f5 16. Nc3 Nb4 17. d5 Bd6 18. Bxf5 exf5 19. a3 a5 20. axb4 axb4 21. Nb5 Ra5 22. Re1 Qf6 23. Nxd6 Qxd6 24. Qc1 Bd7 25. Rh4 Rxd5 26. Qg5+ Qg6 27. Qf4 Qd6 28. Qg5+ Qg6 29. Qf4 Qd6 30. Qg5+ Qg6 1/2-1/2

[Event "4NCL Div 1 2018-19"]
[Site "Telford"]
[Date "2019.02.09"]
[Round "5.12"]
[White "Smith, Murray"]
[Black "Sarakauskas, Gediminas"]
[Result "1/2-1/2"]
[ECO "A30"]
[WhiteElo "2190"]
[BlackElo "2430"]
[Annotator "NA"]
[PlyCount "46"]
[EventDate "2018.11.10"]
[EventType "team-tourn"]
[EventCountry "GBR"]
[SourceTitle "playchess.com"]
[Source "ChessBase"]
[SourceQuality "1"]
[TimeControl "40/6000+30:3000+30"]

1. c4 Nf6 2. Nc3 e6 3. Nf3 c5 4. g3 b6 5. Bg2 Bb7 6. O-O d6 7. d3 Be7 8. a3 O-O 9. Rb1 Qc8 10. Bd2 Nbd7 11. b4 Rd8 12. Qb3 d5 13. cxd5 exd5 14. bxc5 Nxc5 15. Qb2 Qd7 16. Nb5 a6 17. Nbd4 Na4 18. Qb3 b5 19. Rfc1 Rdc8 20. Bb4 Bd8 21. Bd2 Be7 22. Bb4 Bd8 23. Bd2 Be7 1/2-1/2

[Event "4NCL Div 1 2018-19"]
[Site "Telford"]
[Date "2019.02.09"]
[Round "5.13"]
[White "Wadsworth, Matthew J"]
[Black "Holland, James P"]
[Result "1-0"]
[ECO "A27"]
[WhiteElo "2350"]
[BlackElo "2260"]
[Annotator "NA"]
[PlyCount "89"]
[EventDate "2018.11.10"]
[EventType "team-tourn"]
[EventCountry "GBR"]
[SourceTitle "playchess.com"]
[Source "ChessBase"]
[SourceQuality "1"]
[TimeControl "40/6000+30:3000+30"]

1. Nf3 Nc6 2. c4 e5 3. Nc3 Bb4 4. g3 Bxc3 5. bxc3 e4 6. Nd4 Nf6 7. Bg2 O-O 8. f3 Nxd4 9. cxd4 d5 10. fxe4 dxe4 11. Bb2 c6 12. O-O Be6 13. Qc2 Qa5 14. Rxf6 gxf6 15. Bxe4 Qh5 16. Rf1 Rfe8 17. d3 Qg5 18. Rf4 f5 19. Bf3 Rad8 20. Qc3 Qg7 21. Qb3 Qf8 22. Qc3 f6 23. e4 fxe4 24. dxe4 Bh3 25. Rh4 Be6 26. d5 cxd5 27. cxd5 Rc8 28. Qd4 Qd6 29. dxe6 Rc1+ 30. Kg2 Rc2+ 31. Kh3 Qxe6+ 32. Bg4 Qxe4 33. Qxe4 Rxe4 34. Bxf6 Rxa2 35. Rh5 Rf2 36. Bc3 Re7 37. Rc5 Kf7 38. Bd4 Ra2 39. Rf5+ Ke8 40. Bc5 Ra5 41. Bxe7 Rxf5 42. Bxf5 Kxe7 43. Bxh7 b5 44. Bd3 b4 45. Bc2 1-0

[Event "4NCL Div 1 2018-19"]
[Site "Telford"]
[Date "2019.02.09"]
[Round "5.14"]
[White "Foisor, Mihaela-Veronica"]
[Black "Kilpatrick, Callum"]
[Result "0-1"]
[ECO "A16"]
[WhiteElo "2220"]
[BlackElo "2353"]
[Annotator "NA"]
[PlyCount "82"]
[EventDate "2018.11.10"]
[EventType "team-tourn"]
[EventCountry "GBR"]
[SourceTitle "playchess.com"]
[Source "ChessBase"]
[SourceQuality "1"]
[TimeControl "40/6000+30:3000+30"]

1. c4 Nf6 2. Nc3 d5 3. cxd5 Nxd5 4. g3 g6 5. Bg2 Nb6 6. d3 Bg7 7. Bf4 e5 8. Be3 Nc6 9. Bc5 Ne7 10. h4 O-O 11. h5 Re8 12. h6 Bh8 13. Qd2 Nf5 14. Nf3 Nd7 15. Ba3 Nf6 16. e4 Nd4 17. Nxd4 Qxd4 18. Rc1 Qd7 19. b3 b6 20. Bh3 Qd8 21. Bxc8 Rxc8 22. Bb2 Qd7 23. Kf1 Red8 24. Rd1 b5 25. Qe2 c5 26. Kg2 a6 27. Rd2 Rc6 28. f3 c4 29. bxc4 bxc4 30. Rhd1 Rd6 31. d4 Rxd4 32. Rxd4 exd4 33. Qxc4 d3 34. Na4 Rc8 35. Nc5 Qe7 36. Bd4 Nh5 37. Bxh8 Qg5 38. g4 Rxc5 39. Qd4 Rc2+ 40. Kg1 Qh4 41. Be5 Ng3 0-1

[Event "4NCL Div 1 2018-19"]
[Site "Telford"]
[Date "2019.02.09"]
[Round "5.15"]
[White "Golding, Alex"]
[Black "Makkar, Rajat"]
[Result "1/2-1/2"]
[ECO "C91"]
[WhiteElo "2263"]
[BlackElo "2173"]
[Annotator "NA"]
[PlyCount "123"]
[EventDate "2018.11.10"]
[EventType "team-tourn"]
[EventCountry "GBR"]
[SourceTitle "playchess.com"]
[Source "ChessBase"]
[SourceQuality "1"]
[TimeControl "40/6000+30:3000+30"]

1. e4 e5 2. Nf3 Nc6 3. Bb5 a6 4. Ba4 Nf6 5. O-O Be7 6. Re1 b5 7. Bb3 d6 8. c3 O-O 9. d4 Bg4 10. Be3 Na5 11. dxe5 Bxf3 12. Qxf3 dxe5 13. Nd2 c5 14. Rad1 Nxb3 15. axb3 Qc7 16. Nf1 c4 17. bxc4 Qxc4 18. Bg5 Qe6 19. Ne3 Bc5 20. Bxf6 Bxe3 21. Rxe3 Qxf6 22. Qxf6 gxf6 23. Red3 Rfc8 24. Rd6 Rc4 25. f3 Kg7 26. Rb6 Rac8 27. Rd2 R4c6 28. Rb7 R6c7 29. Rxc7 Rxc7 30. Kf2 b4 31. cxb4 Rb7 32. Ke3 Rxb4 33. Kd3 Kf8 34. Kc3 Rb6 35. Rd8+ Ke7 36. Rh8 Rc6+ 37. Kb3 f5 38. Rxh7 fxe4 39. fxe4 Rb6+ 40. Ka3 Rg6 41. g3 Rg4 42. Rh4 Rxh4 43. gxh4 f5 44. exf5 Kf6 45. Kb3 Kxf5 46. Kc3 Kg4 47. Kd3 Kf3 48. h5 e4+ 49. Kc2 e3 50. h6 e2 51. h7 e1=Q 52. h8=Q Qe4+ 53. Kc3 Qc6+ 54. Kd2 Qd6+ 55. Kc2 Qg6+ 56. Kb3 Qb6+ 57. Kc2 Qg6+ 58. Kc3 Qc6+ 59. Kd2 Qd6+ 60. Kc1 Qf4+ 61. Kd1 Qd6+ 62. Kc2 1/2-1/2

[Event "4NCL Div 1 2018-19"]
[Site "Telford"]
[Date "2019.02.09"]
[Round "5.15"]
[White "Hansen, Hans-Peter"]
[Black "Wall, Tim P"]
[Result "1-0"]
[ECO "A28"]
[WhiteElo "2192"]
[BlackElo "2242"]
[Annotator "NA"]
[PlyCount "137"]
[EventDate "2018.11.10"]
[EventType "team-tourn"]
[EventCountry "GBR"]
[SourceTitle "playchess.com"]
[Source "ChessBase"]
[SourceQuality "1"]
[TimeControl "40/6000+30:3000+30"]

1. c4 e5 2. Nc3 Nf6 3. Nf3 Nc6 4. e3 g6 5. d4 exd4 (5... d6 6. Be2 Bg7 7. dxe5 Nxe5 8. Nxe5 dxe5 9. Qxd8+ Kxd8 10. e4 Be6 11. Be3 Kc8 12. O-O c6 13. h3 h5 14. Rad1 Bh6 15. Bxh6 Rxh6 16. h4 Kc7 17. g3 Rhh8 {½-½ (39) Le,Q (2728)-Duda,J (2737) Danzhou 2018}) 6. exd4 {[%emt 0:01:07] A28: English Opening: Four Knights Variation} Bg7 7. d5 Qe7+ 8. Be2 Ne5 9. O-O d6 10. Nd4 O-O 11. h3 $146 ({Predecessor:} 11. Re1 Re8 12. Bf4 Bd7 {1-0 (51) Labussiere,V (2071)-Franca,J (1884) Goiania 2018}) 11... Ned7 12. Bg5 a5 13. Re1 h6 14. Bf1 Qd8 15. Be3 Nc5 16. f3 Re8 17. Qd2 Kh7 18. Bf2 Bd7 19. Ndb5 a4 20. Rxe8 Bxe8 21. Re1 Bd7 22. g4 Bxb5 23. Nxb5 Qd7 24. Qd1 Re8 25. b4 axb3 26. axb3 Rxe1 27. Bxe1 c6 28. Nc3 Qe7 29. dxc6 bxc6 30. b4 Ne6 31. Bg3 Qa7+ 32. Kh2 Qa3 33. Qd3 Qxb4 34. Bxd6 Qb2+ 35. Ne2 Nd7 36. f4 Nd4 37. Kg3 c5 38. Nxd4 Bxd4 39. Be2 Qb6 40. Be7 Qe6 41. Bd8 Qe8 42. Ba5 Nf6 43. Bf3 Qa4 44. Bd8 Qa1 45. Qd1 Ne4+ 46. Kg2 Qb2+ 47. Qe2 Nd2 48. Bd5 Qc1 49. h4 Qg1+ 50. Kh3 Nf1 51. Qg2 Qe3+ 52. Qf3 $1 Qg1 53. Qg2 Qe3+ 54. Qf3 Kg7 55. Qxe3 Nxe3 56. Kg3 Nxd5 57. cxd5 c4 58. Kf3 Kf8 59. Ke4 Bg7 60. Bc7 Ke7 61. Be5 f6 62. Bb8 c3 63. Kd3 f5 $2 (63... h5 $16) 64. gxf5 gxf5 65. Be5 Bf8 66. h5 Kd7 67. Kxc3 Ke7 68. Kc4 Kd7 69. Kb5 1-0

[Event "4NCL Div 1 2018-19"]
[Site "Telford"]
[Date "2019.02.09"]
[Round "5.16"]
[White "Purton, Ben J"]
[Black "Ciuksyte, Dagne"]
[Result "1/2-1/2"]
[ECO "B42"]
[WhiteElo "2131"]
[BlackElo "2303"]
[Annotator "NA"]
[PlyCount "138"]
[EventDate "2018.11.10"]
[EventType "team-tourn"]
[EventCountry "GBR"]
[SourceTitle "playchess.com"]
[Source "ChessBase"]
[SourceQuality "1"]
[TimeControl "40/6000+30:3000+30"]

1. e4 c5 2. Nf3 e6 3. d4 cxd4 4. Nxd4 a6 5. Bd3 Bc5 6. Nb3 Be7 7. O-O Nc6 8. f4 d6 9. Be3 Nf6 10. N1d2 O-O 11. a4 e5 12. f5 d5 13. c3 b6 14. Qe2 Bb7 15. Bg5 dxe4 16. Nxe4 Nxe4 17. Bxe7 Nxe7 18. Bxe4 Bxe4 19. Qxe4 Qd5 20. Qxd5 Nxd5 21. Rfe1 f6 22. Rad1 Rfd8 23. g4 h5 24. gxh5 Ne7 25. a5 bxa5 26. Nxa5 Nxf5 27. b4 Kf7 28. Nb7 Rxd1 29. Rxd1 Rc8 30. Rf1 Rb8 31. Nc5 Nd6 32. Nxa6 Rc8 33. Nc5 f5 34. Ra1 e4 35. Ra7+ Kf6 36. Kf2 Nc4 37. Nd7+ Kg5 38. Nc5 Kf6 39. h4 Rh8 40. Nd7+ Ke6 41. Nc5+ Ke5 42. Rxg7 Rxh5 43. Kg3 Rh8 44. Nd7+ Ke6 45. b5 Rd8 46. Nc5+ Kf6 47. Rc7 Rg8+ 48. Kf2 e3+ 49. Kf3 Re8 50. Rc6+ Kf7 51. Rc7+ Kg6 52. Nd3 Nd2+ 53. Ke2 Ne4 54. Nf4+ Kh6 55. Rc6+ Kg7 56. Kxe3 Nxc3+ 57. Ne6+ Kf7 58. Rxc3 Rxe6+ 59. Kf4 Re4+ 60. Kg5 Rg4+ 61. Kh5 Rb4 62. Rc5 f4 63. Kg5 f3 64. Rf5+ Kg7 65. h5 f2 66. h6+ Kh7 67. Rf7+ Kg8 68. Rxf2 Rxb5+ 69. Kg6 Rb6+ 1/2-1/2

[Event "4NCL Div 1 2018-19"]
[Site "Telford"]
[Date "2019.02.09"]
[Round "5.16"]
[White "Maroroa, Sue"]
[Black "Frank, Tena"]
[Result "1-0"]
[ECO "B22"]
[WhiteElo "2104"]
[BlackElo "1947"]
[Annotator "NA"]
[PlyCount "71"]
[EventDate "2018.11.10"]
[EventType "team-tourn"]
[EventCountry "GBR"]
[SourceTitle "playchess.com"]
[Source "ChessBase"]
[SourceQuality "1"]
[TimeControl "40/6000+30:3000+30"]

1. e4 c5 2. Nf3 e6 3. c3 Nf6 4. e5 Nd5 5. Bc4 d6 6. d4 cxd4 7. cxd4 Be7 8. O-O O-O 9. Nc3 dxe5 10. dxe5 Nxc3 11. bxc3 Qxd1 12. Rxd1 h6 13. Be3 b6 14. a4 Ba6 15. Bb5 Rc8 16. Rd3 Bb7 17. Rad1 Be4 18. Rd4 Bxf3 19. gxf3 Rxc3 20. Rd8+ Bxd8 21. Rxd8+ Kh7 22. Bd2 Rb3 23. Bc4 Ra3 24. Rc8 Rxa4 25. Bb3 Ra1+ 26. Kg2 g6 27. Rc7 Kg8 28. Rc8+ Kg7 29. Bb4 Rb1 30. Bf8+ Kh7 31. Bc2 Rc1 32. Bxg6+ Kxg6 33. Rxc1 Nd7 34. Bd6 Kf5 35. Rc7 Nxe5 36. f4 1-0